 Dungeon Crawl Stone Soup version 0.21.1-1-g345015f (webtiles) character file.

290 RustyCow the Skirmisher (level 6, 0/67 HPs)
             Began as an Ogre Berserker on Apr 9, 2018.
             Was a Believer of Trog.
             Slain by a quokka (4 damage)
             ... on level 4 of the Dungeon.
             The game lasted 00:21:25 (3506 turns).

RustyCow the Skirmisher (Ogre Berserker)            Turns: 3506, Time: 00:21:25

Health: 0/67       AC:  4    Str: 24    XL:     6   Next: 32%
Magic:  6/6        EV: 11    Int:  8    God:    Trog [**....]
Gold:   149        SH:  0    Dex: 12    Spells: 5/5 levels left

rFire    . . .     SeeInvis .   r - +3 quarterstaff (chaos)
rCold    . . .     Gourm    .   (shield currently unavailable)
rNeg     . . .     Faith    .   p - +0 robe
rPois    .         Spirit   .   (helmet restricted)
rElec    .         Reflect  .   s - +0 cloak
rCorr    .         Harm     .   (gloves unavailable)
MR       .....                  (boots unavailable)
Stlth    ++........             (no amulet)
HPRegen  0.21/turn              g - +4 ring of dexterity
MPRegen  0.10/turn              k - ring of stealth

@: no status effects
A: large, unfitting armour, tough skin 1
a: Berserk, Trog's Hand, Burn Spellbooks, Renounce Religion


You were on level 4 of the Dungeon.
You worshipped Trog.
Trog was pleased with you.
You were hungry.

You visited 1 branch of the dungeon, and saw 4 of its levels.

You collected 149 gold pieces.

Inventory:

Hand Weapons
 a - a +0 mace
 i - a +0 mace
 l - a +0 blowgun
 q - a +0 club
 r - a +3 quarterstaff of chaos (weapon)
 u - a +1 short sword of draining
 v - a +0 flail
Missiles
 d - 129 stones (quivered)
 f - 106 arrows
 h - 49 sling bullets
 m - 19 poisoned needles
Armour
 b - a +0 animal skin
 e - a +0 robe
 n - a +0 helmet
 o - a +0 robe
 p - a +0 robe (worn)
 s - a +0 cloak (worn)
 t - a scarf of cloud immunity
Jewellery
 g - a +4 ring of dexterity (left hand)
 k - a ring of stealth (right hand)
Scrolls
 j - 4 scrolls of remove curse
Comestibles
 c - 2 rations


   Skills:
 * Level 6.2 Fighting
 + Level 4.3 Maces & Flails
 + Level 4.0 Dodging


You had 5 spell levels left.
You didn't know any spells.

Dungeon Overview and Level Annotations

Branches:
Dungeon (4/15)
 Temple: D:4-7

Altars:
Cheibriados
Vehumet

Shops:
D:4 ![}

Annotations:
D:4 bande's ghost, amateur GrFi


Innate Abilities, Weirdness & Mutations

You are too large for most types of armour.
You have tough skin. (AC +1)


Message History

Bande's ghost completely misses you.
You thump bande's ghost!
Bande's ghost is heavily damaged.
The quokka closely misses you.
Bande's ghost shrieks, "Very impressive.
But it won't help.
Nothing will."
Bande's ghost hits you!
You barely miss bande's ghost.
Bande's ghost is heavily damaged.
The quokka closely misses you. The quokka bites you.
You hit bande's ghost but do no damage.
Bande's ghost flickers and vanishes!
Deactivating autopickup; reactivate with Ctrl-A.
Something hits you. The quokka closely misses you.
You barely miss something. The quokka closely misses you. Something hits you!
* * * LOW HITPOINT WARNING * * *
The quokka closely misses you.
You hit something but do no damage. The quokka barely misses you.
Something hits you.
* * * LOW HITPOINT WARNING * * *
You closely miss something. The quokka bites you.
You die...

#.# #.# ..##...........
#.###.###
###.###..######...
#.#.....###........ ###.
#.......##....##..#### ##
##..........##...#...# ###.
##.....###.#...#..#.####...
#.....# #.#...#...∩.......
#.#######.#......#.#.#####
#.##....{@r...#........
#.##.####.#...#...######
#.# ).#...#...# #.#
#.##..(#...# #. #.......#
≈$ #######.######## ≈≈
#.......... ∩.. #..########
##.#


You could see a quokka.

Vanquished Creatures
  Sigmund (D:3)
  Crazy Yiuf (D:3)
  Natasha (twice) (D:3)
  2 adders
  A worm (D:2)
  A dart slug (D:4)
  3 orcs (D:3)
  A ball python (D:1)
  2 giant cockroaches
  2 hobgoblins (D:1)
  6 jackals
  A bat (D:2)
  2 frilled lizards
  5 goblins
  9 kobolds
  5 rats
44 creatures vanquished.

Notes
Turn   | Place    | Note
-------+----------+-------------------------------------------
     0 | D:1      | RustyCow the Ogre Berserker began the quest for the Orb.
     0 | D:1      | Reached XP level 1. HP: 24/24 MP: 1/1
   121 | D:1      | Reached XP level 2. HP: 31/32 MP: 2/2
  1613 | D:2      | Reached XP level 3. HP: 30/40 MP: 3/3
  2393 | D:3      | Noticed Natasha
  2415 | D:3      | Killed Natasha
  2415 | D:3      | Reached skill level 5 in Fighting
  2415 | D:3      | Reached XP level 4. HP: 5/50 MP: 4/4
  2466 | D:3      | Reached ** piety under Trog
  2477 | D:3      | Found a radiant altar of Vehumet.
  2569 | D:3      | Found a snail-covered altar of Cheibriados.
  2679 | D:3      | Noticed Natasha
  2695 | D:3      | Killed Natasha
  2747 | D:3      | Found a runed door.
  2751 | D:3      | Noticed Crazy Yiuf
  2754 | D:3      | Killed Crazy Yiuf
  2754 | D:3      | Reached XP level 5. HP: 23/57 MP: 5/5
  2803 | D:3      | Noticed Sigmund
  2856 | D:3      | Killed Sigmund
  2856 | D:3      | Reached skill level 6 in Fighting
  2856 | D:3      | Reached XP level 6. HP: 19/67 MP: 6/6
  3306 | D:4      | Found Efyri's Antique Armour Emporium.
  3347 | D:4      | Found Kuvvajafo's Gadget Shoppe.
  3496 | D:4      | Noticed bande's ghost (amateur GrFi)
  3497 | D:4      | Found Pyehy's Distillery.
  3505 | D:4      | HP: 3/67 [something (4)]
  3506 | D:4      | Slain by a quokka

Skill      XL: |  1  2  3  4  5 |
---------------+----------------+-----
Dodging        | 3 4 |  4.0
Maces & Flails | 3 4 |  4.3
Fighting       | 5 6 |  6.2

Action                   |  1- 3 |  4- 6 || total
-------------------------+-------+-------++-------
Melee: Mace              |    94 |    19 ||   113
       Quarterstaff      |       |    30 ||    30
Invok: Berserk           |     1 |     2 ||     3
       Trog's Hand       |       |     1 ||     1
  Use: Potion            |     4 |     2 ||     6
       Scroll            |     7 |     2 ||     9
 Stab: Sleeping          |     1 |       ||     1
  Eat: Ration            |     2 |     1 ||     3
Armor: Animal skin       |     7 |       ||     7
       Robe              |    29 |     9 ||    38
Dodge: Dodged            |    76 |    22 ||    98
